[Event "Titled Tuesday Blitz March 07 Early 2023"]
[White "Degrande, Marigje"]
[Black "Awoki, Daniel Teidi"]
[WhiteFideId "262757"]
[BlackFideId "2100827"]
[WhiteElo "2195"]
[BlackElo "2087"]
[Result "0-1"]
[Round "07"]
[TimeControl "180+2"]
[Date "2023.03.07"]
[WhiteClock "0:00:03"]
[BlackClock "0:00:04"]

1. c4 e5 2. Nc3 Nf6 3. g3 d5 4. cxd5 Nxd5 5. Bg2 Nb6 6. e3 Nc6 7. Nge2 Be7 8. O-O O-O 9. f4 exf4 10. Nxf4 Ne5 11. d4 Ng6 12. Nd3 c6 13. Ne2 Be6 14. b3 Bf6 15. Bb2 Re8 16. e4 Bg4 17. e5 Bg5 18. Nf2 Be3 19. Qd3 Bxe2 20. Qxe2 Bxd4 21. Rad1 Bxf2+ 22. Qxf2 Qe7 23. Bh3 Rad8 24. Ba3 Qxa3 25. Qxf7+ Kh8 26. Rxd8 Rxd8 27. Qc7 Qc5+ 28. Kh1 Re8 29. e6 Qe7 30. Qxe7 Rxe7 31. Bf5 Nd5 32. h4 Kg8 33. h5 Nf8 34. Re1 Nc7 35. Rd1 Nfxe6 36. Bg4 Kf7 37. Rf1+ Ke8 38. Rd1 Rd7 39. Kg2 Rxd1 40. Bxd1 h6 41. Bg4 Ke7 42. Kf3 Kd6 43. Ke4 Nd5 44. Kd3 Nc5+ 45. Kc4 b5+ 0-1


[Site "https://www.chess.com"]

[Event "Titled Tuesday Blitz March 07 Early 2023"]
[White "rikchessmx"]
[Black "Winkels, Marcel"]
[BlackFideId "1003887"]
[WhiteElo "2217"]
[BlackElo "1900"]
[Result "1-0"]
[Round "07"]
[TimeControl "180+2"]
[Date "2023.03.07"]
[WhiteClock "0:00:36"]
[BlackClock "0:00:01"]

1. e4 c5 2. Nf3 e6 3. d4 cxd4 4. Nxd4 Nc6 5. Nc3 Qc7 6. Ndb5 Qb8 7. g3 a6 8. Nd4 d6 9. Bg2 Bd7 10. Be3 Be7 11. O-O Nf6 12. h3 O-O 13. f4 b5 14. Kh2 Rc8 15. Qf3 Qc7 16. Rad1 Na5 17. e5 dxe5 18. fxe5 Qxe5 19. Bf4 Qc5 20. Be3 Qc7 21. Ne4 Nc4 22. Bc1 e5 23. Nf5 Bxf5 24. Qxf5 Rab8 25. Ng5 h6 26. Nxf7 Kxf7 27. Rd7 Qc5 28. Bxh6 Ke8 29. Rd3 gxh6 30. Qg6+ Kf8 31. Qxh6+ Kf7 32. Bd5+ Ke8 33. Be6 Rd8 34. Qg6+ 1-0


[Site "https://www.chess.com"]

[Event "Titled Tuesday Blitz March 07 Early 2023"]
[White "Jesusesmifuerza"]
[Black "Prohorov, Olexandr"]
[BlackFideId "14105578"]
[WhiteElo "2032"]
[BlackElo "1993"]
[Result "0-1"]
[Round "07"]
[TimeControl "180+2"]
[Date "2023.03.07"]
[WhiteClock "0:00:13"]
[BlackClock "0:00:10"]

1. d4 Nf6 2. Bg5 c5 3. d5 Qb6 4. Nc3 Qxb2 5. Bd2 Qb6 6. e4 d6 7. f4 Bg4 8. Be2 Bxe2 9. Qxe2 g6 10. e5 dxe5 11. fxe5 Nh5 12. g4 Ng7 13. Nf3 Nd7 14. Rb1 Qc7 15. d6 Qc6 16. O-O Ne6 17. Ng5 Nd4 18. Qf2 Nxe5 19. d7+ Qxd7 20. Nxf7 Qxg4+ 21. Kh1 Qf3+ 22. Qxf3 Ndxf3 23. Nxh8 Nxd2 24. Rxf8+ Kxf8 25. Rxb7 Rd8 26. Rxa7 Ndf3 27. Kg2 Rd2+ 28. Kg3 Rxc2 29. Ne4 Rxh2 30. Ng5 Kg7 31. Nxf3 Nxf3 32. Kxf3 Kxh8 33. a4 Ra2 34. Ke4 Kg7 35. Kd5 Kf6 36. Kxc5 h5 37. Kd4 h4 38. Ke3 g5 39. Ra8 Kf5 40. Rf8+ Kg4 41. Ra8 Kg3 42. Rg8 g4 43. Rg7 h3 44. Rxe7 Rxa4 45. Rh7 Ra8 46. Ke2 Rf8 47. Ke1 Kg2 48. Ke2 g3 49. Ke1 h2 0-1


[Site "https://www.chess.com"]

[Event "Titled Tuesday Blitz March 07 Early 2023"]
[White "Bortnyk, Olexandr"]
[Black "Nihal Sarin"]
[WhiteFideId "14120828"]
[BlackFideId "25092340"]
[WhiteElo "2734"]
[BlackElo "2689"]
[Result "1-0"]
[Round "08"]
[TimeControl "180+2"]
[Date "2023.03.07"]
[WhiteClock "0:00:05"]
[BlackClock "0:00:02"]

1. e4 e5 2. Bc4 Nf6 3. d3 Bc5 4. Nc3 c6 5. Nf3 d6 6. Be3 Bb4 7. O-O O-O 8. Ne2 d5 9. exd5 cxd5 10. Bb3 Nc6 11. d4 e4 12. Ne5 Bd6 13. Bf4 Re8 14. c4 Nxe5 15. dxe5 Bxe5 16. Bxe5 Rxe5 17. cxd5 Qd6 18. Qd4 Bg4 19. Ng3 h5 20. h4 Rae8 21. Rfe1 g5 22. hxg5 Rxg5 23. Nxe4 Rxe4 24. Rxe4 Nxe4 25. Qxe4 Bh3 26. g3 Bf5 27. Qh4 Rg4 28. Qh1 h4 29. Bd1 Rd4 30. Qf3 Be4 31. Qg4+ Kf8 32. Qxh4 Qxd5 33. Qh8+ Ke7 34. Bb3 Qd6 35. Re1 Kd7 36. Bxf7 Kc7 37. Qg7 Kb6 38. Qg5 Bc6 39. Qe3 Kc7 40. Bb3 a5 41. Qe7+ Qxe7 42. Rxe7+ Kd6 43. Re6+ Kc5 44. Re2 a4 45. Bc2 Bf3 46. Re3 Bd5 47. Rc3+ Kd6 48. a3 Rd2 49. Kf1 b5 50. Ke1 Rd4 51. f4 b4 52. Rd3 Rc4 53. Kd2 Kc5 54. Bxa4 bxa3 55. Rxa3 Rd4+ 56. Ke3 Re4+ 57. Kf2 Rb4 58. Rc3+ Kd4 59. Bd1 Rxb2+ 60. Rc2 Rb1 61. Rd2+ Kc5 62. Bf3 Bc4 63. g4 Kb4 64. g5 Kc3 65. Rd1 Rb2+ 66. Kg3 Bd3 67. Re1 Kd4 68. Re5 Rb1 69. Re6 Rg1+ 70. Kf2 Rf1+ 71. Kg2 Rb1 72. Bg4 Bc4 73. Re5 Bd5+ 74. Bf3 Rb2+ 75. Kg3 Bc4 76. Re4+ Kc5 77. Re5+ Kd4 78. g6 Rb6 79. Re4+ Kc3 80. f5 Bd3 81. Re3 Kd4 82. Rxd3+ Kxd3 83. g7 Rb1 84. g8=Q Rg1+ 85. Bg2 1-0


[Site "https://www.chess.com"]

[Event "Titled Tuesday Blitz March 07 Early 2023"]
[White "Erigaisi Arjun"]
[Black "Tsydypov, Zhamsaran"]
[WhiteFideId "35009192"]
[BlackFideId "4108566"]
[WhiteElo "2737"]
[BlackElo "2584"]
[Result "1/2-1/2"]
[Round "08"]
[TimeControl "180+2"]
[Date "2023.03.07"]
[WhiteClock "0:00:10"]
[BlackClock "0:00:09"]

1. c4 Nf6 2. Nc3 e6 3. e4 d5 4. e5 d4 5. exf6 dxc3 6. bxc3 Qxf6 7. Nf3 h6 8. d4 b6 9. c5 Bb7 10. Qa4+ Bc6 11. Bb5 Bxb5 12. Qxb5+ c6 13. Qb1 Nd7 14. a4 Qd8 15. cxb6 axb6 16. Qe4 Qc8 17. Bf4 Nf6 18. Qd3 Qa6 19. Ke2 Nd5 20. Bd2 Be7 21. Rhb1 O-O 22. Qxa6 Rxa6 23. c4 Nf6 24. a5 bxa5 25. Rb7 Re8 26. Ne5 Ne4 27. Rxa5 Rxa5 28. Bxa5 c5 29. Kd3 Nd6 30. Rd7 cxd4 31. c5 Nc8 32. c6 Bf6 33. Nc4 e5 34. f3 Kh7 35. Rxf7 Re6 36. c7 Be7 37. Rf5 Bf6 38. Ke4 Kg8 39. Nxe5 d3 40. f4 g6 41. Rxf6 Rxf6 42. Nxd3 Kf7 43. Bc3 Rd6 44. Ne5+ Ke8 45. Bd4 Re6 46. g4 Ne7 47. Bc5 Nc8 48. Kd5 Rf6 49. Be3 Ne7+ 50. Ke4 Ra6 51. f5 gxf5+ 52. gxf5 Rf6 53. Bc5 Nc8 54. h4 h5 55. Be3 Nd6+ 56. Kd5 Nc8 57. Ke4 Nd6+ 58. Kd5 Nc8 59. Bg5 Rxf5 60. Ke6 Rf2 61. Nc4 Re2+ 62. Kf5 Rc2 63. Ne3 Rxc7 64. Kg6 Nd6 65. Nd5 Rb7 66. Nf6+ Ke7 67. Ne4+ Ke6 68. Nc5+ Ke5 69. Nxb7 Nxb7 70. Kxh5 Kf5 71. Kh6 Nd6 72. Be7 Ne4 73. Kg7 Kg4 74. Kg6 Ng3 75. Bg5 Nh5 76. Be7 Ng3 77. Bd8 Nh5 78. Bg5 Ng3 79. Be7 Nh5 80. Bd8 Ng3 81. Bg5 Nh5 82. Bd8 Ng3 83. Bg5 1/2-1/2


[Site "https://www.chess.com"]

[Event "Titled Tuesday Blitz March 07 Early 2023"]
[White "Bluebaum, Matthias"]
[Black "Nakamura, Hikaru"]
[WhiteFideId "24651516"]
[BlackFideId "2016192"]
[WhiteElo "2638"]
[BlackElo "2879"]
[Result "1-0"]
[Round "08"]
[TimeControl "180+2"]
[Date "2023.03.07"]
[WhiteClock "0:00:14"]
[BlackClock "0:00:20"]

1. d4 Nf6 2. c4 e6 3. Nc3 Bb4 4. e3 O-O 5. Bd2 b6 6. Nf3 d5 7. cxd5 exd5 8. Rc1 Re8 9. Ne5 c5 10. a3 cxd4 11. exd4 Bd6 12. Bb5 Re7 13. O-O h6 14. Bf4 a6 15. Bd3 Re8 16. Qf3 Be6 17. Rfe1 Ra7 18. h3 Bf8 19. Bb1 b5 20. Qd3 g6 21. Qd2 g5 22. Be3 Nh5 23. Qd1 Nf4 24. Bxf4 gxf4 25. Qd3 Bg7 26. Qh7+ Kf8 27. Bf5 Qf6 28. Bxe6 fxe6 29. Nxd5 exd5 30. Ng6+ Kf7 31. Rxe8 Kxe8 32. Qg8+ Bf8 33. Rc8+ Kd7 34. Rxf8 Qxd4 35. Rxb8 Kc6 36. Qe6+ Kc7 1-0


[Site "https://www.chess.com"]

[Event "Titled Tuesday Blitz March 07 Early 2023"]
[White "Kamsky, Gata"]
[Black "Matlakov, Maxim"]
[WhiteFideId "2000024"]
[BlackFideId "4168003"]
[WhiteElo "2666"]
[BlackElo "2666"]
[Result "1-0"]
[Round "08"]
[TimeControl "180+2"]
[Date "2023.03.07"]
[WhiteClock "0:01:22"]
[BlackClock "0:00:39"]

1. e4 e5 2. Nf3 Nc6 3. Bb5 a6 4. Ba4 Nf6 5. O-O Be7 6. Re1 b5 7. Bb3 O-O 8. c3 d5 9. d3 Bb7 10. Nbd2 Qd7 11. a4 Rad8 12. axb5 axb5 13. exd5 Nxd5 14. Ne4 Nf6 15. Ng3 Qxd3 16. Qxd3 Rxd3 17. Nxe5 Nxe5 18. Rxe5 Bd6 19. Rxb5 Bc6 20. Rba5 Re8 21. Bg5 Ng4 22. Bc4 Bxg3 23. hxg3 Rd6 24. Bf4 Rf6 25. f3 Nh6 26. Bxc7 Nf5 27. Be5 Rg6 28. Bd3 Bd7 29. g4 Rge6 30. Bxf5 1-0


[Site "https://www.chess.com"]

[Event "Titled Tuesday Blitz March 07 Early 2023"]
[White "Demchenko, Anton"]
[Black "Fedoseev, Vladimir"]
[WhiteFideId "4160258"]
[BlackFideId "24130737"]
[WhiteElo "2545"]
[BlackElo "2752"]
[Result "0-1"]
[Round "08"]
[TimeControl "180+2"]
[Date "2023.03.07"]
[WhiteClock "0:00:01"]
[BlackClock "0:00:29"]

1. e4 c5 2. Nc3 d6 3. f4 g6 4. Nf3 Bg7 5. Bc4 Nc6 6. d3 Na5 7. Bb5+ Bd7 8. Bxd7+ Qxd7 9. O-O e6 10. f5 Nc6 11. fxe6 fxe6 12. Bf4 Nf6 13. Nb5 e5 14. Bg5 O-O 15. Bxf6 Rxf6 16. c4 Raf8 17. Qe2 Bh6 18. Nc3 Ne7 19. Rf2 a6 20. a4 Nc6 21. Nd5 R6f7 22. Raf1 Qd8 23. g3 Qa5 24. b3 b5 25. axb5 axb5 26. Kg2 b4 27. h4 Qd8 28. Qa2 Ra7 29. Qb1 Rff7 30. Nh2 Bg7 31. Rxf7 Rxf7 32. Rxf7 Kxf7 33. Qa2 Qa5 34. Qf2+ Kg8 35. Ng4 Qd8 36. Qa2 h5 37. Qa6 Nb8 38. Qb7 hxg4 39. Ne3 Nd7 40. Nxg4 Nf6 41. Ne3 Qd7 42. Qa8+ Kh7 43. Qa6 Bh6 44. Nd5 Nxd5 45. cxd5 Be3 46. Qc6 Qe7 0-1


[Site "https://www.chess.com"]

[Event "Titled Tuesday Blitz March 07 Early 2023"]
[White "Sjugirov, Sanan"]
[Black "Bok, Benjamin"]
[WhiteFideId "4189302"]
[BlackFideId "1017063"]
[WhiteElo "2569"]
[BlackElo "2658"]
[Result "1-0"]
[Round "08"]
[TimeControl "180+2"]
[Date "2023.03.07"]
[WhiteClock "0:00:07"]
[BlackClock "0:00:02"]

1. e4 c5 2. Nf3 d6 3. d4 cxd4 4. Nxd4 Nf6 5. Nc3 a6 6. Be3 e5 7. Nf3 Be7 8. Bc4 O-O 9. O-O Nc6 10. Qe2 Na5 11. Bd5 Qc7 12. Rfd1 Be6 13. Bg5 Rac8 14. Bxf6 Bxf6 15. Bb3 b5 16. Nd5 Bxd5 17. Rxd5 Nxb3 18. cxb3 Be7 19. Rad1 Qb7 20. Ne1 Rc6 21. g3 Rfc8 22. h4 g6 23. h5 Kg7 24. R5d2 Qd7 25. Kg2 Qe6 26. Nf3 Qg4 27. hxg6 hxg6 28. Rh1 Rc1 29. Rxc1 Rxc1 30. Rc2 Ra1 31. a3 Qh5 32. Ng1 Qxe2 33. Nxe2 Kf6 34. Nc3 Ke6 35. Nd5 Bd8 36. Rc8 Kd7 37. Ra8 Rb1 38. Rxa6 Rxb2 39. b4 f5 40. Nc3 fxe4 41. Nxe4 d5 42. Nc5+ Ke7 43. Re6+ Kf7 44. Rxe5 Rd2 45. Re3 Bf6 46. Rf3 Ke7 47. Rd3 Ra2 48. Rxd5 Rxa3 49. Ne4 Bg7 50. Rxb5 Rb3 51. Rb7+ Kf8 52. b5 Bd4 53. Rd7 Bb6 54. Rd5 Rb2 55. Kf3 Kf7 56. Rd7+ Kf8 57. Rd5 Kf7 58. Kf4 Bxf2 59. Nxf2 Rxf2+ 60. Ke5 Rb2 61. Kd6 Kf6 62. g4 g5 63. Kc6 Rb4 64. b6 Rxg4 65. b7 Rc4+ 66. Rc5 Rb4 67. Rb5 Rc4+ 68. Kd5 Rc1 69. b8=Q 1-0


[Site "https://www.chess.com"]

[Event "Titled Tuesday Blitz March 07 Early 2023"]
[White "Harsha Bharathakoti"]
[Black "Terry, Renato"]
[WhiteFideId "5078776"]
[BlackFideId "3803457"]
[WhiteElo "2481"]
[BlackElo "2579"]
[Result "1-0"]
[Round "08"]
[TimeControl "180+2"]
[Date "2023.03.07"]
[WhiteClock "0:00:11"]
[BlackClock "0:00:05"]

1. d4 e6 2. c4 Bb4+ 3. Bd2 Qe7 4. Nf3 Nf6 5. g3 Nc6 6. Nc3 O-O 7. Bg2 d6 8. O-O Bxc3 9. Bxc3 Ne4 10. Rc1 e5 11. d5 Nxc3 12. Rxc3 Nb8 13. c5 Na6 14. cxd6 cxd6 15. Nd2 Bg4 16. h3 Bd7 17. Qb3 Nc5 18. Qc2 a5 19. Nc4 Rfb8 20. Nxd6 Na4 21. Nf5 Qf6 22. Rf3 Rc8 23. Qb1 Rc5 24. Rd1 Rb5 25. b3 e4 26. Qxe4 Nc3 27. Ne7+ Kf8 28. Qxh7 Nxd1 29. Rxf6 gxf6 30. d6 1-0


[Site "https://www.chess.com"]

[Event "Titled Tuesday Blitz March 07 Early 2023"]
[White "Zakhartsov, Vladimir"]
[Black "Andreikin, Dmitry"]
[WhiteFideId "4145097"]
[BlackFideId "4158814"]
[WhiteElo "2521"]
[BlackElo "2736"]
[Result "0-1"]
[Round "08"]
[TimeControl "180+2"]
[Date "2023.03.07"]
[WhiteClock "0:00:02"]
[BlackClock "0:00:21"]

1. d4 d5 2. c4 c6 3. Nf3 Nf6 4. Nc3 e6 5. e3 Nbd7 6. Be2 Bd6 7. O-O O-O 8. b3 b6 9. Bb2 Bb7 10. Rc1 Qe7 11. Bd3 Rad8 12. cxd5 exd5 13. Qc2 Rfe8 14. Nd2 Nf8 15. h3 Ng6 16. e4 Nh5 17. e5 Bb8 18. Ne2 c5 19. f4 cxd4 20. Bxd4 Rc8 21. Qb2 Rxc1 22. Qxc1 f6 23. exf6 Nxf6 24. Nf3 Ne4 25. g3 Bc8 26. Kg2 Bf5 27. Re1 Qd7 28. Neg1 Nxg3 29. Rxe8+ Qxe8 30. Kxg3 Bxd3 31. Be3 Ne7 32. Kf2 Nf5 33. Qd2 Be4 34. Nd4 Qg6 35. Nxf5 Qxf5 36. Qc1 h6 37. Kg3 Qg5+ 38. Kf2 Qf5 39. Kg3 Kh7 40. Nf3 Qg6+ 41. Kf2 Qh5 42. Ng1 Qh4+ 43. Kf1 Qg3 44. Qd2 Bd6 45. Qf2 Bd3+ 46. Ke1 Bb4+ 47. Kd1 Qg6 48. Nf3 Qh5 49. Kc1 Qxh3 50. Kb2 Qc8 51. Bd4 Be4 52. Ne5 Qf5 53. a3 Be7 54. Qe3 Bf6 55. a4 h5 56. Nc6 h4 57. Bxf6 Qxf6+ 58. Nd4 Qg6 59. Ka3 Qd6+ 60. Kb2 Qf6 61. Ka3 Qe7+ 62. Kb2 Qc5 63. Qf2 Kg8 64. Qg1 h3 65. b4 h2 66. Qxh2 Qxd4+ 67. Ka3 Qc3+ 68. Ka2 Qc2+ 0-1


[Site "https://www.chess.com"]

[Event "Titled Tuesday Blitz March 07 Early 2023"]
[White "Pranav, V"]
[Black "Vokhidov, Shamsiddin"]
[WhiteFideId "25060783"]
[BlackFideId "14204223"]
[WhiteElo "2500"]
[BlackElo "2570"]
[Result "0-1"]
[Round "08"]
[TimeControl "180+2"]
[Date "2023.03.07"]
[WhiteClock "0:00:01"]
[BlackClock "0:00:55"]

1. e4 c5 2. Nf3 e6 3. d4 cxd4 4. Nxd4 Nc6 5. Nc3 Qc7 6. Be2 a6 7. O-O Nf6 8. Be3 b5 9. Nxc6 dxc6 10. a3 e5 11. f4 Bd6 12. f5 Bb7 13. g4 h6 14. Bd3 c5 15. Bxb5+ Kf8 16. Bc4 Nxe4 17. Nxe4 Bxe4 18. Bd5 Bxd5 19. Qxd5 Rd8 20. Rad1 Kg8 21. h4 Be7 22. Qc4 Bxh4 23. Qxc5 Qb7 24. Qb6 Qc8 25. Rxd8+ Bxd8 26. Qb3 Qc7 27. Rd1 Kh7 28. c3 e4 29. Bf2 Qf4 30. Qxf7 Qxg4+ 31. Kh2 Bc7+ 32. Qxc7 Qxd1 33. Qf7 Qd6+ 34. Kh3 Rf8 35. Qh5 Qf4 0-1


[Site "https://www.chess.com"]

[Event "Titled Tuesday Blitz March 07 Early 2023"]
[White "Hakobyan, Aram"]
[Black "Madaminov, Mukhiddin"]
[WhiteFideId "13306677"]
[BlackFideId "14210703"]
[WhiteElo "2563"]
[BlackElo "2511"]
[Result "1-0"]
[Round "08"]
[TimeControl "180+2"]
[Date "2023.03.07"]
[WhiteClock "0:01:46"]
[BlackClock "0:00:05"]

1. e4 e5 2. Nf3 Nc6 3. Bb5 a6 4. Ba4 Nf6 5. Nc3 b5 6. Bb3 b4 7. Nd5 Nxe4 8. d4 a5 9. O-O a4 10. Bc4 Nd6 11. Bg5 Ne7 12. Nxe5 Nxc4 13. Nxc4 Bb7 14. Nxe7 Bxe7 15. Bxe7 Kxe7 16. Qe1+ Kf6 17. Qxb4 Qb8 18. Ne5 Bc8 19. Qc3 Rf8 20. Rfe1 Qb7 21. d5 Qxd5 1-0


[Site "https://www.chess.com"]

[Event "Titled Tuesday Blitz March 07 Early 2023"]
[White "Oparin, Grigoriy"]
[Black "Rustemov, Alexander"]
[WhiteFideId "24125890"]
[BlackFideId "4119002"]
[WhiteElo "2641"]
[BlackElo "2898"]
[Result "1-0"]
[Round "08"]
[TimeControl "180+2"]
[Date "2023.03.07"]
[WhiteClock "0:00:13"]
[BlackClock "0:00:04"]

1. c4 c5 2. Nf3 g6 3. d4 cxd4 4. Nxd4 Bg7 5. e4 Nc6 6. Nc2 d6 7. Be2 Be6 8. O-O Rc8 9. Ne3 Nf6 10. Nc3 O-O 11. Bd2 Nd4 12. Rc1 a6 13. b3 b5 14. cxb5 axb5 15. Bd3 Qb6 16. Re1 Qb7 17. Ncd5 Rxc1 18. Bxc1 Bxd5 19. exd5 Ra8 20. Bf1 Nf5 21. Nxf5 gxf5 22. a4 bxa4 23. bxa4 Qxd5 24. Qc2 Ne4 25. Be3 e6 26. h4 Qa5 27. Rc1 h6 28. Bb5 d5 29. Qc6 Nc3 30. Bb6 Ne2+ 31. Bxe2 Qxa4 32. Qxa4 Rxa4 33. Rc8+ Kh7 34. g3 Bd4 35. Bxd4 Rxd4 36. Bh5 Kg7 37. Rc7 Kf6 38. Rxf7+ Ke5 39. Rh7 f4 40. Rxh6 fxg3 41. fxg3 Kf5 42. Kf2 e5 43. Be2 Rd2 44. Ke3 Ra2 45. Rh5+ Kf6 46. Rh8 d4+ 47. Kf3 e4+ 48. Kxe4 Rxe2+ 49. Kxd4 Kf5 50. Rg8 Re4+ 51. Kd3 Re7 52. Rg5+ Kf6 53. Rg4 Re1 54. Kd2 Re8 55. Rf4+ Kg6 56. Rf3 Kh5 57. Re3 Rf8 58. Re5+ Kg4 59. Rg5+ Kf3 60. h5 Rd8+ 61. Kc3 Rd6 62. g4 Kf4 63. Rg6 Rd7 64. h6 Rd8 65. g5 Kf5 66. Rg7 Kg4 67. h7 Rh8 68. g6 Kh5 69. Rg8 1-0


[Site "https://www.chess.com"]

[Event "Titled Tuesday Blitz March 07 Early 2023"]
[White "Tabatabaei, M. Amin"]
[Black "Volkov, Sergey"]
[WhiteFideId "12521213"]
[BlackFideId "4122763"]
[WhiteElo "2575"]
[BlackElo "2401"]
[Result "1-0"]
[Round "08"]
[TimeControl "180+2"]
[Date "2023.03.07"]
[WhiteClock "0:01:02"]
[BlackClock "0:00:04"]

1. e4 e6 2. d4 d5 3. Nc3 Nf6 4. e5 Nfd7 5. f4 c5 6. Nf3 Nc6 7. Be3 a6 8. a3 Be7 9. dxc5 Nxc5 10. Qd2 O-O 11. O-O-O b5 12. Qf2 Na4 13. Nxa4 bxa4 14. h4 Rb8 15. h5 Bd7 16. h6 g6 17. g4 Qc7 18. Bc5 Qb7 19. Bxe7 Qxb2+ 20. Kd2 Nxe7 21. Bd3 Qxa3 22. Qh4 Qb4+ 23. Ke2 f6 24. exf6 Qxf4 25. g5 Qxh4 26. Rxh4 Nc6 27. Rxa4 e5 28. Be4 dxe4 29. Rxd7 exf3+ 30. Kxf3 Rf7 31. Rd6 Nd4+ 32. Ke4 Nb5 33. Rc6 Ra7 34. Kxe5 Re8+ 35. Kf4 Kf7 36. Rcxa6 Rxa6 37. Rxa6 Rc8 38. Rb6 Rc4+ 39. Ke5 Rc5+ 40. Kf4 Nc7 41. Rb7 Ke6 42. Rb8 Rc4+ 43. Kf3 Rc5 44. Rc8 Kd7 45. Rh8 Rxg5 46. Rxh7+ Kd6 47. Rxc7 Kxc7 48. h7 Rh5 49. f7 1-0


[Site "https://www.chess.com"]

[Event "Titled Tuesday Blitz March 07 Early 2023"]
[White "Kramnik, Vladimir"]
[Black "Corrales Jimenez, Fidel"]
[WhiteFideId "4101588"]
[BlackFideId "3506690"]
[WhiteElo "2712"]
[BlackElo "2541"]
[Result "0-1"]
[Round "08"]
[TimeControl "180+2"]
[Date "2023.03.07"]
[WhiteClock "0:00:01"]
[BlackClock "0:00:06"]

1. Nf3 c5 2. g3 Nc6 3. Bg2 g6 4. c3 Bg7 5. d4 cxd4 6. cxd4 d5 7. Nc3 e6 8. O-O Nge7 9. b3 O-O 10. e3 b6 11. Ba3 Ba6 12. Re1 Qd7 13. Qd2 Rfc8 14. Rad1 Nf5 15. h4 Nd6 16. h5 Rc7 17. Bxd6 Qxd6 18. e4 Nb4 19. h6 Bf8 20. Ne5 Rac8 21. Re3 Bxh6 22. f4 Bf8 23. a3 Na2 24. Qxa2 Rxc3 25. Rxc3 Rxc3 26. Kh2 dxe4 27. Bxe4 Re3 28. Bf3 f6 29. Qf2 Rxb3 30. Ng4 Kg7 31. d5 Bb7 32. Ne3 Qxa3 33. Re1 Rb2 34. Re2 Rxe2 35. Qxe2 exd5 36. Bxd5 Bc5 37. Nf5+ gxf5 38. Bxb7 Qe3 39. Qh5 Qd2+ 40. Kh3 Qd7 41. Ba6 b5 42. Qe2 b4 43. Bc4 a5 44. Bb5 Qe7 45. Qd3 Qe4 46. Qd7+ Kh6 47. Bc6 Qe7 48. Qxf5 Kg7 49. Be4 Kh8 50. Bc2 Kg8 51. Qd5+ Kg7 52. Qd3 Qe6+ 53. Kh2 Kf8 54. Qb5 Qd5 55. Qb8+ Ke7 56. Qc7+ Ke8 57. Qxh7 Kd8 58. Qh8+ Kc7 59. Qxf6 Qd2+ 60. Kh3 Qxc2 61. Qe5+ Kc6 62. Qe6+ Kb5 63. Qe7 Ka4 64. Qd7+ Kb3 65. f5 Qc4 0-1


[Site "https://www.chess.com"]

[Event "Titled Tuesday Blitz March 07 Early 2023"]
[White "Keymer, Vincent"]
[Black "Nogerbek, Kazybek"]
[WhiteFideId "12940690"]
[BlackFideId "13710427"]
[WhiteElo "2651"]
[BlackElo "2501"]
[Result "1/2-1/2"]
[Round "08"]
[TimeControl "180+2"]
[Date "2023.03.07"]
[WhiteClock "0:00:04"]
[BlackClock "0:00:21"]

1. a3 g6 2. Nf3 d5 3. e3 Bg7 4. c4 Nf6 5. b4 O-O 6. Bb2 c6 7. Be2 Bg4 8. d3 Bxf3 9. Bxf3 Nbd7 10. Nd2 e6 11. O-O a5 12. Qb3 Qc7 13. h3 h6 14. Rfc1 Qb6 15. Be2 Rfc8 16. d4 axb4 17. axb4 Qd8 18. Rxa8 Rxa8 19. b5 Ne8 20. Qb4 Qa5 21. Qxa5 Rxa5 22. bxc6 bxc6 23. cxd5 cxd5 24. Rc8 Nf6 25. Bc3 Ra7 26. Bb5 Rc7 27. Rxc7 Nxc7 28. Bd3 Nd7 29. Ba5 Ne8 30. Bb5 Ndf6 31. f3 Nd6 32. Bd3 Nd7 33. Bc7 Ne8 34. Bg3 Bf8 35. Bb5 Ndf6 36. Kf1 Bd6 37. Bf2 Bb4 38. Ke2 Nd6 39. Bd3 Bxd2 40. Kxd2 Kf8 41. g4 Nd7 42. Be1 Ke8 43. Ke2 Nb6 44. h4 Nbc4 45. Bg3 Ke7 46. Bf4 h5 47. Bg3 Kf6 48. Bf4 Kg7 49. gxh5 gxh5 50. e4 Nb5 51. Kf2 f6 52. Be3 Nxe3 53. Kxe3 Nd6 54. exd5 exd5 55. Kf4 Kf7 56. Bc2 Nb5 57. Ke3 Nd6 58. Bb1 Ke6 59. Kf4 Nb5 60. Bf5+ Kf7 61. Ke3 Nd6 62. Bc2 Ke6 63. Kf4 Kf7 64. Bf5 Nb5 65. Ke3 Nd6 66. Bd7 Ke7 67. Bh3 Kf7 68. Kf4 Nb5 69. Ke3 Nd6 70. Kf4 Nb5 71. Ke3 Nd6 1/2-1/2


[Site "https://www.chess.com"]

[Event "Titled Tuesday Blitz March 07 Early 2023"]
[White "Mikhailovsky, Vladimir"]
[Black "Steinberg, Nitzan"]
[WhiteFideId "34105414"]
[BlackFideId "2801795"]
[WhiteElo "2293"]
[BlackElo "2486"]
[Result "1/2-1/2"]
[Round "08"]
[TimeControl "180+2"]
[Date "2023.03.07"]
[WhiteClock "0:00:18"]
[BlackClock "0:00:06"]

1. e4 c5 2. d4 cxd4 3. c3 d3 4. Nf3 Nc6 5. Bxd3 g6 6. O-O Bg7 7. Qe2 d6 8. Nbd2 Nf6 9. h3 O-O 10. Nc4 Nd7 11. Bf4 b6 12. Rad1 Nc5 13. Bc2 Ba6 14. b4 Ne6 15. Bd2 Rc8 16. Bd3 Qc7 17. a4 Nxb4 18. cxb4 Bxc4 19. Rc1 Bxd3 20. Qxd3 Qd7 21. Qa6 Bb2 22. Rb1 Bg7 23. Rbc1 Nd4 24. Nxd4 Bxd4 25. Bh6 Rfe8 26. Rfd1 Bb2 27. Rb1 Bc3 28. Be3 Rc7 29. a5 b5 30. Rd5 Rb8 31. Rc1 Rbb7 32. Rd3 Bxb4 33. Rxc7 Qxc7 34. Rb3 Bxa5 35. Rxb5 Bb6 36. Rb1 Rb8 37. Rc1 Qb7 38. Qd3 Bxe3 39. Qxe3 a5 40. e5 dxe5 41. Qxe5 a4 42. Rc7 Qb1+ 43. Kh2 e6 44. Ra7 Qb4 45. Rxa4 Qb7 46. Rc4 Rd8 47. Rc7 Qb6 48. Qf4 Rf8 49. h4 Qb8 50. h5 Qd8 51. h6 e5 52. Qxe5 Qh4+ 53. Kg1 Qxh6 54. g3 Qg7 55. Qxg7+ Kxg7 56. Kg2 Re8 57. Rc6 Re6 58. Rc5 Rf6 59. Rc4 h5 60. Rb4 Rf5 61. Ra4 Kf6 62. Rb4 Re5 63. Ra4 Re6 64. Rb4 g5 65. Ra4 Kg6 66. Rb4 f6 67. Ra4 Kf5 68. Rb4 Re5 69. Ra4 Re4 70. Ra5+ Re5 71. Ra4 g4 72. Rb4 Kg5 73. Ra4 h4 74. gxh4+ Kxh4 75. Ra8 f5 76. Rh8+ Kg5 77. Kg3 f4+ 78. Kg2 Re6 79. Rg8+ Rg6 80. Rf8 Rf6 81. Rg8+ Kf5 82. Rg7 Re6 83. Rg8 Ra6 84. Rf8+ Rf6 85. Rg8 Rg6 86. Rf8+ Ke4 87. Re8+ Kd5 88. Rf8 Ke5 89. Re8+ Kf5 90. Rf8+ Kg5 91. Rf7 Rf6 92. Rg7+ Kh5 93. Rg8 Kh4 94. Rh8+ Kg5 95. Rg8+ Rg6 96. Rf8 Re6 97. Rg8+ Kf5 98. Rf8+ Ke4 99. Rg8 Kf5 100. Rf8+ Kg5 101. Rg8+ 1/2-1/2


[Site "https://www.chess.com"]

[Event "Titled Tuesday Blitz March 07 Early 2023"]
[White "Decuigniere, Tom"]
[Black "Gholami Orimi, Mahdi"]
[WhiteFideId "26093820"]
[BlackFideId "12558486"]
[WhiteElo "2312"]
[BlackElo "2363"]
[Result "0-1"]
[Round "08"]
[TimeControl "180+2"]
[Date "2023.03.07"]
[WhiteClock "0:00:01"]
[BlackClock "0:00:23"]

1. c4 f5 2. Nc3 Nf6 3. d4 g6 4. h4 d6 5. h5 Nxh5 6. e4 fxe4 7. Rxh5 gxh5 8. Qxh5+ Kd7 9. Nxe4 c6 10. Nf3 Qe8 11. Qa5 b6 12. Qc3 Kc7 13. Bf4 Qg6 14. Ned2 Bg7 15. c5 Kb7 16. cxb6 axb6 17. Bg3 Bg4 18. Bc4 Qh5 19. O-O-O Nd7 20. Re1 Rhe8 21. Qb3 d5 22. Bd3 e5 23. dxe5 Bxf3 24. Nxf3 Nxe5 25. Nxe5 Bxe5 26. Bxe5 Rxe5 27. Rxe5 Qxe5 28. Qb4 Rxa2 29. Bxh7 Ra1+ 30. Bb1 Qg5+ 31. Kc2 Qf5+ 32. Kb3 Qxb1 33. Qe7+ Ka6 34. Qe2+ b5 0-1


[Site "https://www.chess.com"]

[Event "Titled Tuesday Blitz March 07 Early 2023"]
[White "Lorparizangeneh, Shahin"]
[Black "Carlsen, Magnus"]
[WhiteFideId "12521604"]
[BlackFideId "1503014"]
[WhiteElo "2526"]
[BlackElo "2852"]
[Result "0-1"]
[Round "08"]
[TimeControl "180+2"]
[Date "2023.03.07"]
[WhiteClock "0:00:06"]
[BlackClock "0:01:51"]

1. e4 a6 2. d4 e6 3. Nf3 b5 4. Bd3 c5 5. c3 Bb7 6. O-O Nf6 7. Re1 Be7 8. Nbd2 Nc6 9. e5 Nd5 10. Ne4 cxd4 11. cxd4 h6 12. Bd2 Qb6 13. Be3 Rc8 14. Rc1 O-O 15. Bb1 Nxe3 16. fxe3 Nb4 17. Rxc8 Rxc8 18. a3 Nd5 19. Qd3 g6 20. h4 b4 21. h5 Qb5 22. hxg6 Qxd3 23. gxf7+ Kxf7 24. Bxd3 bxa3 25. bxa3 Bxa3 26. Nd6+ Bxd6 27. exd6 Nf6 28. Ne5+ Kg7 29. Rb1 Bd5 30. Bxa6 Rc3 31. Bb5 Rc2 32. Bf1 h5 33. Ra1 Kh6 34. Re1 Rd2 35. Re2 Rd1 36. Rf2 Ng4 37. Nxg4+ hxg4 38. Kh2 Re1 39. Be2 Kg5 40. Kg3 Bc6 41. Bxg4 Rxe3+ 42. Bf3 Rd3 43. Rc2 Bxf3 44. gxf3 Rxd4 45. Rc5+ Kf6 46. f4 Rxd6 47. Kf3 Rd3+ 48. Ke4 Ra3 49. Rh5 d5+ 50. Kd4 Rf3 51. Rh4 Kf5 52. Rh5+ Kxf4 53. Rh6 Re3 54. Rf6+ Kg5 55. Rf8 Re4+ 56. Kd3 Rf4 0-1


[Site "https://www.chess.com"]